 Dungeon Crawl Stone Soup version 0.31.0-11-ge490571c62 (webtiles) character file.

Game seed: 11677642344136229890

22187 CougarLife the Grappler (level 12, -1/120 HPs)
             Began as a Troll Fighter on Feb 4, 2024.
             Was a Follower of Uskayaw.
             Slain by an eight-headed hydra (2 damage)
             ... on level 2 of the Lair of Beasts.
             The game lasted 00:19:26 (10679 turns).

CougarLife the Grappler (Troll Fighter)            Turns: 10679, Time: 00:19:27

Health: -1/120     AC:  6    Str: 31    XL:     12   Next: 60%
Magic:  18/18      EV:  9    Int:  4    God:    Uskayaw [*.....]
Gold:   677        SH:  9    Dex:  9    Spells: 11/11 levels left

rFire   . .          .
                       - Unarmed
rCold   + . .        b - +0 kite shield
rNeg    . . .        a - +0 robe
rPois   +            (helmet restricted)
rElec   .            q - +1 cloak {rCorr}
rCorr   +            (gloves unavailable)
SInv    .            (boots unavailable)
Will    .....        (no amulet)
Stlth   +            d - ring of poison resistance
HPRegen 1.20/turn    r - ring of protection from cold
MPRegen 0.16/turn

%: no passive effects
@: no status effects
A: large, unfitting armour, claws 3, regeneration 1, shaggy fur 1, tough skin 1
a: Renounce Religion, Stomp


You were on level 2 of the Lair of Beasts.
You worshipped Uskayaw.
Uskayaw was aware of your devotion.
You visited 2 branches of the dungeon, and saw 13 of its levels.

You collected 768 gold pieces.
You spent 91 gold pieces at shops.

Inventory:

Hand Weapons
 v - a +0 giant club
Missiles
 j - 35 poisoned darts
 m - 12 boomerangs
 A - 2 throwing nets
 I - 3 large rocks
Armour
 a - a +0 robe (worn)
 b - a +0 kite shield (worn)
 q - a +1 cloak of preservation (worn)
 P - +0 steam dragon scales
Jewellery
 d - a ring of poison resistance (left claw)
 r - a ring of protection from cold (right claw)
 s - a ring of protection from cold
 F - a ring of ice
Wands
 o - a wand of polymorph (11)
 u - a wand of paralysis (16)
 z - a wand of mindburst (19)
 D - a wand of digging (7)
 K - a wand of flame (7)
Scrolls
 e - 8 scrolls of teleportation
 f - a scroll of noise {unknown}
 g - 2 scrolls of poison
 n - 4 scrolls of blinking
 t - 2 scrolls of fear {unknown}
 x - a scroll of vulnerability {unknown}
 B - 2 scrolls of enchant weapon
 E - a scroll of immolation
 H - 2 scrolls of fog {unknown}
 J - a scroll of butterflies {unknown}
 L - a scroll of acquirement {unknown}
 M - a scroll of identify
 N - a scroll of enchant armour {unknown}
 O - a scroll of amnesia {unknown}
Potions
 c - 3 potions of might
 i - 3 potions of magic
 k - 3 potions of haste
 l - a potion of invisibility
 p - 5 potions of curing
 w - 2 potions of enlightenment {unknown}
 C - 2 potions of ambrosia
 G - 2 potions of heal wounds {unknown}
Miscellaneous
 h - a phial of floods


   Skills:
 - Level 8.2 Fighting
 - Level 3.0 Dodging
 - Level 8.1 Shields
 + Level 13.7 Unarmed Combat
 - Level 10.0 Invocations


You had 11 spell levels left.
You didn't know any spells.
Your spell library contained the following spells:

 Spells                   Type           Power      Damage    Failure   Level
 Sandblast                Erth           0%         2d4       67%         1
 Ensorcelled Hibernation  Hex/Ice        0%         N/A       80%         2
 Dazzling Flash           Conj/Hex       0%         N/A       95%         3
 Fugue of the Fallen      Necr           0%         N/A       95%         3
 Mephitic Cloud           Conj/Alch/Air  0%         N/A       95%         3
 Passwall                 Erth           0%         N/A       95%         3
 Stone Arrow              Conj/Erth      0%         3d7       95%         3
 Anguish                  Hex/Necr       0%         N/A       100%        4
 Animate Armour           Summ/Erth      0%         N/A       100%        4
 Brom's Barrelling Bould  Conj/Erth      0%         2d3       100%        4
 Summon Lightning Spire   Summ/Air       0%         N/A       100%        4
 Curse of Agony           Necr           0%         N/A       100%        5
 Lee's Rapid Deconstruct  Erth           0%         3d4*      100%        5
 Silence                  Hex/Air        0%         N/A       100%        5


Dungeon Overview and Level Annotations

Branches:
Dungeon (11/15)            Temple (0/1) D:5            Lair (2/5) D:9
    Orc (0/2) D:10
  Swamp: Lair:2-3    Shoals: Lair:2-3     Snake: Lair:2-3    Spider: Lair:2-3

Altars:
Cheibriados
Dithmenos
Fedhas
Okawaru
Uskayaw
Vehumet
Xom
Zin

Shops:
D:6 *

Annotations:
D:4 1 runed translucent door
D:7 1 runed translucent door, Gadfly's ghost, novice DsMo
D:10 1 runed translucent door, Dazliare's ghost, journeyman GnCA
D:11 1 runed translucent door
Lair:1 2 transporters, brilapsti's ghost, journeyman FeSu


Innate Abilities, Weirdness & Mutations

You are too large for most types of armour.
You have claws for hands.
Your natural rate of healing is unusually fast.
You are covered in fur. (AC +1)
You have tough skin. (AC +1)


Message History

The eight-headed hydra bites you!
The eight-headed hydra closely misses you.
The eight-headed hydra barely misses you.
The eight-headed hydra bites you but does no damage. x2
The eight-headed hydra bites you.
You block the eight-headed hydra's attack.
Throw: 2 darts (curare)
Press: ? - help, Q - select action, (/) - cycle Shift-Dir - straight line, f/p - eight-headed hydra
Aim: an eight-headed hydra (76% to hit)
You throw a curare-tipped dart.
The curare-tipped dart barely misses the eight-headed hydra.
You block the eight-headed hydra's attack.
The eight-headed hydra barely misses you.
The eight-headed hydra bites you!
You block the eight-headed hydra's attack.
The eight-headed hydra barely misses you.
The eight-headed hydra bites you.
The eight-headed hydra bites you but does no damage.
The eight-headed hydra bites you!
Throw: dart (curare)
Press: ? - help, Q - select action, (/) - cycle Shift-Dir - straight line, f/p - eight-headed hydra
Aim: an eight-headed hydra (76% to hit)
You throw a curare-tipped dart.
The curare-tipped dart hits the eight-headed hydra.
The eight-headed hydra bites you. x2; The eight-headed hydra bites you!
* * * LOW HITPOINT WARNING * * *
The eight-headed hydra barely misses you.
The eight-headed hydra bites you!
* * * LOW HITPOINT WARNING * * *
The eight-headed hydra bites you but does no damage.
The eight-headed hydra barely misses you.
The eight-headed hydra bites you but does no damage. x3
The eight-headed hydra barely misses you.
The eight-headed hydra bites you!
* * * LOW HITPOINT WARNING * * *
The eight-headed hydra bites you!
* * * LOW HITPOINT WARNING * * *
The eight-headed hydra bites you but does no damage.
The eight-headed hydra bites you.
You die...

...........?...
#.#.............#.
#.#.......#......#
#.....#'P(......#
##.......(.......# #
#........(.....#.### #P
##.......(..........
#..#####.......D.........
#.............@........
#...#†.#.#.P.##.#.....# #.
.....#.................## #.
.....#..................# ##.
.......................## #P.
.....#............+....P###### #.
..................#....###P#.###.
.....P..P....####.#....#.P...PP#.
.................................


You could see an eight-headed hydra.

Vanquished Creatures
  3 death yaks (Lair:2)
  A two-headed ogre (D:9)
  Sonja (D:10)
  Pikel (D:6)
  2 ugly things
  A cyclops (D:11)
  A black mamba (Lair:2)
  3 cane toads
  4 komodo dragons
  Grinder (D:3)
  2 hornets
  A polar bear (Lair:1)
  Prince Ribbit (D:5)
  A wraith (D:9)
  4 wyverns (D:9)
  39 yaks
  2 humans (D:7)
  2 vampires (D:11)
  A steam dragon (Lair:2)
  A basilisk (Lair:1)
  Grum (D:10)
  4 vampire mosquitoes (D:11)
  Duvessa (D:7)
  7 orc warriors
  7 water moccasins
  7 black bears
  2 sky beasts
  An ice beast (D:5)
  4 ogres
  11 wolves
  2 centaurs
  2 phantoms (D:5)
  4 lemures (D:6)
  4 kobold brigands
  Blork the orc (D:5)
  3 bullfrogs
  4 scorpions
  2 gnoll sergeants
  8 wights
  Dowan (D:7)
  A howler monkey (D:8)
  An electric eel (Lair:1)
  A bombardier beetle (D:4)
  6 hounds
  2 jellies
  3 iguanas (D:5)
  13 orc priests
  Crazy Yiuf (D:3)
  Jessica (D:3)
  8 orc wizards
  2 sleepcaps
  The ghost of RancidPinata the Sneak, a weakling GrDe (D:4)
  10 gnolls
  9 adders
  A shadow imp (D:7)
  A white imp (D:6)
  2 ufetubi (D:6)
  5 dart slugs
  2 ribbon worms
  40 orcs
  6 ball pythons
  3 endoplasms
  5 giant cockroaches
  3 goblins
  8 hobgoblins
  10 jackals
  34 kobolds
  8 quokkas
  5 bats
  5 frilled lizards
  4 rats
349 creatures vanquished.

Notes
Turn   | Place    | Note
-------+----------+-------------------------------------------
     0 | D:1      | CougarLife the Troll Fighter began the quest for the Orb.
     0 | D:1      | Reached XP level 1. HP: 22/22 MP: 0/0
   138 | D:1      | Reached XP level 2. HP: 29/29 MP: 1/1
   539 | D:1      | Reached XP level 3. HP: 34/36 MP: 2/2
   715 | D:2      | Found a faded altar of an unknown god.
   726 | D:2      | Reached skill level 3 in Unarmed Combat
  1495 | D:3      | Reached XP level 4. HP: 44/44 MP: 3/3
  1654 | D:3      | Found a hide-covered altar of Uskayaw.
  1654 | D:3      | Noticed Jessica
  1667 | D:3      | Reached skill level 4 in Unarmed Combat
  1707 | D:3      | Killed Jessica
  1743 | D:3      | Became a worshipper of Uskayaw the Reveller
  1821 | D:3      | Noticed Grinder
  1825 | D:3      | Reached * piety under Uskayaw
  1828 | D:3      | Reached ** piety under Uskayaw
  1833 | D:3      | Killed Grinder
  1834 | D:3      | Reached skill level 6 in Unarmed Combat
  1834 | D:3      | Reached XP level 5. HP: 41/50 MP: 4/4
  1834 | D:3      | Reached XP level 6. HP: 49/59 MP: 5/5
  1835 | D:3      | Reached *** piety under Uskayaw
  1991 | D:3      | Found a runed translucent door.
  1992 | D:3      | Noticed Crazy Yiuf
  2344 | D:3      | Killed Crazy Yiuf
  2467 | D:4      | Found a runed translucent door.
  2497 | D:4      | Reached **** piety under Uskayaw
  2499 | D:4      | Reached skill level 7 in Unarmed Combat
  2500 | D:4      | Noticed RancidPinata's ghost (weakling GrDe)
  2538 | D:4      | Killed RancidPinata's ghost
  2555 | D:4      | Found a runed translucent door.
  2636 | D:4      | Reached XP level 7. HP: 51/66 MP: 6/6
  2852 | D:4      | Found the +5 woodcutter's axe
  2888 | D:4      | Reached skill level 8 in Unarmed Combat
  3017 | D:4      | Found a glowing silver altar of Zin.
  3110 | D:5      | Entered Level 5 of the Dungeon
  3151 | D:5      | Found a radiant altar of Vehumet.
  3158 | D:5      | Reached skill level 9 in Unarmed Combat
  3166 | D:5      | Reached XP level 8. HP: 68/74 MP: 7/7
  3167 | D:5      | Reached ***** piety under Uskayaw
  3173 | D:5      | Found a shadowy altar of Dithmenos.
  3228 | D:5      | Noticed a komodo dragon
  3243 | D:5      | Noticed Prince Ribbit
  3258 | D:5      | Killed a komodo dragon
  3259 | D:5      | Reached skill level 5 in Fighting
  3332 | D:5      | Killed Prince Ribbit
  3488 | D:5      | Noticed Blork the orc
  3490 | D:5      | Found a staircase to the Ecumenical Temple.
  3508 | D:5      | Killed Blork the orc
  3580 | D:5      | Reached XP level 9. HP: 92/92 MP: 8/8
  3675 | D:5      | Found a snail-covered altar of Cheibriados.
  4014 | D:6      | Noticed Pikel
  4055 | D:6      | Killed Pikel
  4282 | D:6      | Reached skill level 1 in Invocations
  4321 | D:6      | Found Jopte's Serpentskin Sales.
  4325 | D:6      | Bought 3 curare-tipped darts for 39 gold pieces
  4325 | D:6      | Bought 2 curare-tipped darts for 26 gold pieces
  4325 | D:6      | Bought 2 curare-tipped darts for 26 gold pieces
  4603 | D:7      | Found a shimmering altar of Xom.
  4786 | D:7      | Noticed Dowan
  4787 | D:7      | Noticed Duvessa
  4807 | D:7      | Reached skill level 5 in Invocations
  4808 | D:7      | Killed Dowan
  4829 | D:7      | Killed Duvessa
  4997 | D:7      | Found a runed translucent door.
  4998 | D:7      | Noticed Gadfly's ghost (novice DsMo)
  5021 | D:7      | Reached XP level 10. HP: 102/104 MP: 13/13
  5033 | D:7      | Found an iron altar of Okawaru.
  6070 | D:9      | Reached ****** piety under Uskayaw
  6149 | D:9      | Found a staircase to the Lair.
  6188 | D:9      | Found a blossoming altar of Fedhas.
  6825 | D:10     | Entered Level 10 of the Dungeon
  6839 | D:10     | Reached skill level 10 in Invocations
  6882 | D:10     | Noticed a brown ugly thing
  6895 | D:10     | Killed a brown ugly thing
  6896 | D:10     | Reached XP level 11. HP: 73/111 MP: 17/17
  6936 | D:10     | Noticed a two-headed ogre
  6966 | D:9      | Killed a two-headed ogre
  7165 | D:10     | Noticed Grum
  7188 | D:9      | Reached skill level 5 in Shields
  7216 | D:10     | Killed Grum
  7242 | D:10     | Noticed Sonja
  7261 | D:10     | Killed Sonja
  7637 | D:10     | Found a runed translucent door.
  7639 | D:10     | Found a shimmering altar of Xom.
  7639 | D:10     | Noticed a +2 mace of chaos
  7639 | D:10     | Noticed Dazliare's ghost (journeyman GnCA)
  7790 | D:10     | Found a staircase to the Orcish Mines.
  8603 | D:11     | Reached skill level 10 in Unarmed Combat
  8792 | D:11     | Found a runed translucent door.
  8792 | D:11     | Noticed a brown ugly thing
  8798 | D:11     | Killed a brown ugly thing
  8799 | D:11     | Noticed a catoblepas
  9083 | Lair:1   | Entered Level 1 of the Lair of Beasts
  9101 | Lair:1   | Reached XP level 12. HP: 97/120 MP: 18/18
  9136 | Lair:1   | Noticed brilapsti's ghost (journeyman FeSu)
  9156 | Lair:1   | Found a transporter.
  9161 | Lair:1   | Reached skill level 11 in Unarmed Combat
  9593 | Lair:1   | Reached skill level 12 in Unarmed Combat
  9976 | Lair:1   | Found a transporter.
 10392 | Lair:2   | Reached skill level 13 in Unarmed Combat
 10590 | Lair:2   | Noticed a death yak
 10592 | Lair:2   | Noticed a death yak
 10592 | Lair:2   | Noticed a death yak
 10608 | Lair:2   | Killed a death yak
 10612 | Lair:2   | Killed a death yak
 10622 | Lair:2   | Killed a death yak
 10669 | Lair:2   | Noticed an eight-headed hydra
 10679 | Lair:2   | HP: 1/120 [eight-headed hydra (7)]
 10679 | Lair:2   | Slain by an eight-headed hydra

Illustrated notes

Levels and vault maps discovered:
D:1:      sevenhm_arrival_forest_fort_large_2, layout_basic
D:2:      layout_basic, hellmonk_ecumenical_altar_run_dry, corexii_corridor_pit
D:3:      layout_basic, nicolae_uskayaw_dance_hall, minivault_25, uniq_grinder,
          uniq_crazy_yiuf_cottage, uniq_jessica
D:4:      layout_rooms, zin_academy, ebering_ghost_sewer_f
D:5:      layout_layer_cave, jmf_multi_god_temple, cheibrodos_worm_habitat,
          minmay_temple_entry_sparse_star, minmay_chambers_of_fives,
          uniq_blork_the_orc, uniq_prince_ribbit1
D:6:      layout_rooms, serial_bayou_pond_a, guppyfry_shop_venom, uniq_pikel
D:7:      layout_cave_pools, okawaru_humans, mainiacjoe_overflow_brackets,
          ebering_ghost_inner_flame, kb_lookout_dungeons_type,
          minmay_misc_feat_enclosed, uniq_duvessa
D:8:      layout_basic, serial_park_tiny_1
D:9:      layout_basic, lemuel_round_altar, minmay_lair_entry_grove,
          mrwooster_statue_mirror
D:10:     layout_cave_pools, erik_orc_2, ebering_ghost_xom, uniq_sonja,
          uniq_grum
D:11:     layout_stronghold, minivault_13
Lair:1:   layout_roguey, gammafunk_ghost_arena, wad_woods_03,
          serial_bayou_shore_a, serial_bayou_shore_b
Lair:2:   layout_chaotic_city

Skill      XL: |  1  2  3  4  5  6  7  8  9 10 11 12 |
---------------+-------------------------------------+-----
Dodging        | 3 |  3.0
Unarmed Combat | 3 6 7 9 10 13 | 13.7
Fighting       | 6 8 |  8.2
Invocations    | 5 10 | 10.0
Shields        | 3 8 |  8.1

Action                     |  1- 3 |  4- 6 |  7- 9 | 10-12 || total
---------------------------+-------+-------+-------+-------++-------
  Melee: Unarmed           |   100 |   116 |   229 |   590 ||  1035
  Throw: Dart              |       |       |       |    18 ||    18
         Boomerang         |       |       |       |    15 ||    15
    Use: Scroll            |       |       |       |     9 ||     9
         Potion            |       |       |       |     1 ||     1
   Stab: Paralysed         |       |     1 |    10 |    42 ||    53
         Sleeping          |       |       |     1 |       ||     1
 Armour: Robe              |    41 |    46 |   153 |   417 ||   657
         Skin              |       |     1 |       |       ||     1
  Dodge: Dodged            |    30 |    46 |    77 |   183 ||   336
  Block: Kite shield       |    35 |    24 |    72 |   263 ||   394
